 Dungeon Crawl Stone Soup version 0.30.0-12-gd5a94ecb5d (webtiles) character file.

Game seed: 1137525877510440704

1612 DenSaoPin the Martial Artist (level 8, -8/51 (54) HPs)
             Began as a Merfolk Transmuter on May 16, 2023.
             Was an Initiate of Ru.
             Mangled by a gnoll bouda
             ... wielding a +0 whip of electrocution
              (10 damage)
             ... on level 7 of the Dungeon on May 17, 2023.
             The game lasted 00:52:07 (4924 turns).

DenSaoPin the Martial Artist (Merfolk Transmuter)   Turns: 4924, Time: 00:52:08

HP:   -8/51 (54)    AC:  3    Str: 13    XL:     8   Next: 95%
MP:   12/16         EV: 16    Int: 12    God:    Ru [......]
Gold: 332           SH:  0    Dex: 20    Spells: 9/18 levels left

rFire   . .          .
                       - Unarmed
rCold   . . .        (no shield)
rNeg    . . .        a - +1 robe
rPois   .            (no helmet)
rElec   .            (no cloak)
rCorr   .            (no gloves)
SInv    .            (no boots)
Will    .....        e - amulet of regeneration
Stlth   ++           j - ring of wizardry
HPRegen 1.08/turn    g - +6 ring of dexterity
MPRegen 0.15/turn

%: wizardry (x1)
@: weakened, drained
A: (nimble swimmer 2), mertail
a: Renounce Religion


You were on level 7 of the Dungeon.
You worshipped Ru.
Ru was noncommittal.
You visited 2 branches of the dungeon, and saw 8 of its levels.

You collected 342 gold pieces.
You donated 10 gold pieces to Zin.

Inventory:

Armour
 a - a +1 robe (worn)
Jewellery
 e - an amulet of regeneration (around neck)
 g - a +6 ring of dexterity (right hand)
 j - a ring of wizardry (left hand)
 B - an amulet of magic regeneration
 C - a +4 ring of protection
Wands
 v - a wand of flame (12)
 z - a wand of iceblast (4)
Scrolls
 d - a scroll of enchant weapon
 h - 7 scrolls of identify
 l - 2 scrolls of poison
 n - 3 scrolls of vulnerability
Potions
 b - 2 potions of lignification
 c - a potion of flight
 f - a potion of haste
 i - a potion of curing {unknown}


   Skills:
 - Level 1.1 Fighting
 + Level 6.6 Dodging
 - Level 8.1 Unarmed Combat
 + Level 5.5 Spellcasting
 - Level 4.1 Transmutations
 + Level 3.9 Poison Magic


You had 9 spell levels left.
You knew the following spells:

 Your Spells              Type           Power      Damage    Failure   Level
a - Beastly Appendage     Tmut           26%        N/A       1%          1
b - Wereblood             Tmut           13%        N/A       2%          2
c - Spider Form           Tmut/Pois      12%        N/A       4%          3
d - Teleport Other        Tloc           3%         N/A       22%         3

Your spell library contained the following spells:

 Spells                   Type           Power      Damage    Failure   Level
 Ensorcelled Hibernation  Hex/Ice        6%         N/A       12%         2
 Gell's Gravitas          Tloc           3%         N/A       22%         3
 Inner Flame              Hex/Fire       3%         N/A       22%         3
 Ice Form                 Ice/Tmut       8%         N/A       32%         4
 Flame Wave               Conj/Fire      3%         2d5       56%         4
 Sticky Flame             Conj/Fire      3%         2d3       56%         4
 Dispersal                Tloc           1%         N/A       100%        6


Dungeon Overview and Level Annotations

Branches:
Dungeon (7/15)             Temple (1/1) D:5

Altars:
Ashenzari
Cheibriados
Dithmenos
Elyvilon
Fedhas
Gozag
Kikubaaqudgha
Makhleb
Nemelex Xobeh
Okawaru
Ru
Sif Muna
Trog
Uskayaw
Vehumet
Wu Jian
Xom
Zin
The Shining One

Shops:
D:1 !   D:4 *


Innate Abilities, Weirdness & Mutations

((You are very nimble when in or above water. (Stealth+, EV+, Speed+++)))
Your lower body shifts to a powerful aquatic tail in water.


Message History

The kobold hits you with a +0 short sword of draining.
You feel drained.
You hit the kobold.
The kobold is heavily wounded.
The kobold hits you but does no damage.
You feel drained.
You hit the kobold but do no damage.
The kobold is heavily wounded.
The gnoll bouda gazes fiercely through you!
You feel your attacks grow feeble.
The kobold hits you with a +0 short sword of draining.
You feel drained.
You hit the kobold.
You kill the kobold!
The gnoll bouda gazes fiercely through you!
You feel as though you will be weak longer.
You barely miss the gnoll bouda. Your punch misses the gnoll bouda.
You barely miss the gnoll bouda.
The gnoll bouda gazes fiercely through you!
You feel as though you will be weak longer.
The gnoll bouda hits you with a +0 whip of electrocution.
You are electrocuted!
You hit the gnoll bouda.
The gnoll bouda is lightly wounded.
The gnoll bouda hits you with a +0 whip of electrocution!
You hit the gnoll bouda but do no damage.
Your punch misses the gnoll bouda.
The gnoll bouda gazes fiercely through you!
You feel as though you will be weak longer.
The gnoll bouda closely misses you.
You are too injured to fight recklessly!
Aiming: Teleport Other (dangerous; 22% risk of failure)
Press: ? - help, Q - select action, (/) - cycle Shift-Dir - straight line, f - gnoll bouda
Aim: a gnoll bouda, wielding a +0 whip of electrocution and wearing a +0 robe (chance to affect: 37%)
The gnoll bouda looks slightly unstable.
The gnoll bouda hits you with a +0 whip of electrocution.
You are electrocuted!!
* * * LOW HITPOINT WARNING * * *
The gnoll bouda attacks as you move away!
The gnoll bouda hits you with a +0 whip of electrocution!
You die...

.....
#...<##
......
##
.......
...#.
... #)#
#g# #@#
#.# #..
####


You could see a gnoll bouda (teleporting).

Vanquished Creatures
  Prince Ribbit (D:6)
  A water moccasin (D:6)
  Duvessa (D:6)
  An ice beast (D:6)
  2 ogres (D:5)
  A black bear (D:5)
  A centaur (D:6)
  A bullfrog (D:5)
  A kobold brigand (D:7)
  Dowan (D:6)
  4 crimson imps (D:5)
  2 hounds
  A jelly (D:5)
  Jessica (D:3)
  An iguana (D:5)
  2 sleepcaps
  3 orc wizards
  3 gnolls (D:7)
  7 adders
  A white imp (D:6)
  A worm (D:2)
  2 dart slugs
  18 orcs
  7 endoplasms
  A giant cockroach (D:1)
  3 goblins (D:1)
  10 hobgoblins
  4 jackals (D:3)
  13 kobolds
  8 quokkas
  4 ball pythons
  8 bats
  9 rats
124 creatures vanquished.

Notes
Turn   | Place    | Note
-------+----------+-------------------------------------------
     0 | D:1      | DenSaoPin the Merfolk Transmuter began the quest for the
                  | Orb.
     0 | D:1      | Reached XP level 1. HP: 15/15 MP: 3/3
    56 | D:1      | Found Liufi's Distillery.
   134 | D:1      | Reached XP level 2. HP: 21/21 MP: 5/5
   544 | D:1      | Learned a level 2 spell: Wereblood
   550 | D:1      | Reached skill level 4 in Unarmed Combat
   550 | D:1      | Reached XP level 3. HP: 13/26 MP: 6/6
  1000 | D:2      | Found a faded altar of an unknown god.
  1003 | D:2      | Prayed at the altar of an unknown god.
  1003 | D:2      | Became a worshipper of Zin the Law-Giver
  1003 | D:2      | Reached * piety under Zin
  1003 | D:2      | Reached ** piety under Zin
  1023 | D:2      | Fell from the grace of Zin
  1469 | D:2      | Reached XP level 4. HP: 32/32 MP: 4/7
  2227 | D:3      | Noticed Jessica
  2261 | D:3      | Killed Jessica
  2262 | D:3      | Reached skill level 5 in Unarmed Combat
  2262 | D:3      | Reached XP level 5. HP: 29/37 MP: 6/8
  2448 | D:4      | Found Cuakusoq's General Store.
  2513 | D:4      | You fall into a shaft and drop 1 floor!
  2513 | D:5      | Entered Level 5 of the Dungeon
  2534 | D:5      | Reached XP level 6. HP: 33/43 MP: 7/9
  2541 | D:5      | Reached skill level 6 in Unarmed Combat
  2560 | D:5      | Found a radiant altar of Vehumet.
  2640 | D:5      | Found a shimmering altar of Xom.
  2747 | D:5      | Noticed a black bear
  3067 | D:5      | Reached XP level 7. HP: 47/48 MP: 7/11
  3071 | D:5      | Learned a level 3 spell: Spider Form
  3205 | D:5      | Reached skill level 7 in Unarmed Combat
  3358 | D:5      | Learned a level 3 spell: Teleport Other
  3416 | D:5      | Found a staircase to the Ecumenical Temple.
  3451 | Temple   | Entered the Ecumenical Temple
  3581 | Temple   | Became a worshipper of Ru the Awakened
  3805 | D:5      | Reached skill level 8 in Unarmed Combat
  3839 | D:5      | Found a sparkling altar of Nemelex Xobeh.
  3956 | D:6      | Reached XP level 8. HP: 54/54 MP: 10/14
  3964 | D:6      | Reached skill level 1 in Poison Magic
  4011 | D:6      | Reached skill level 5 in Dodging
  4086 | D:6      | Noticed Prince Ribbit
  4240 | D:6      | Killed Prince Ribbit
  4325 | D:6      | Found a white marble altar of Elyvilon.
  4325 | D:6      | Found a glowing silver altar of Zin.
  4325 | D:6      | Found a glowing golden altar of the Shining One.
  4507 | D:6      | Noticed Dowan
  4508 | D:6      | Found a shimmering blue altar of Sif Muna.
  4515 | D:6      | Killed Dowan
  4516 | D:6      | Reached skill level 5 in Spellcasting
  4520 | D:6      | Got Sif Muna's Disquisition on the Iceberg
  4534 | D:6      | Noticed Duvessa
  4544 | D:6      | Killed Duvessa
  4575 | D:6      | Found a bloodstained altar of Trog.
  4855 | D:6      | Upgraded the game from 0.30.0-10-gfe55d96785 to
                  | 0.30.0-12-gd5a94ecb5d
  4922 | D:7      | HP: 1/51 [gnoll bouda/+0 whip of electrocution (19)]
  4924 | D:7      | Mangled by a gnoll bouda

Illustrated notes

Levels and vault maps discovered:
D:1:      kennysheep_arrival_forest, layout_rooms, serial_shops,
          nicolae_shop_back_alley_shop
D:2:      layout_loops_corners, chequers_ecumenical_altar_grove
D:3:      layout_loops_ring, uniq_jessica
D:4:      layout_loops_ring, mainiacjoe_overflow_24_doors, serial_shops, shop,
          grunt_ministairs_1, minmay_fountain_box, serial_bayou_lagoon_a,
          grunt_decor_mini_mirrors, uniq_grinder
D:5:      layout_rooms, led_xom_imps, nicolae_vehumet_altar_sigil,
          nemelex_dance_club_becter, minmay_temple_entry_overgrown, minmay_puff
D:6:      layout_basic, nzn_overflow_gifts_of_might_and_magic,
          good_gods_mini_temple, uniq_prince_ribbit1
D:7:      layout_loops_cross, grunt_qazlal_clouds
Temple:   nicolae_temple_bog_church

Skill      XL: |  1  2  3  4  5  6  7  8 |
---------------+-------------------------+-----
Dodging        | 3 4 6 |  6.6
Transmutations | 3 4 |  4.1
Unarmed Combat | 4 5 6 8 |  8.1
Spellcasting   | 3 4 5 |  5.5
Poison Magic   | 3 |  3.9
Fighting       | |  1.1

Action                     |  1- 3 |  4- 6 |  7- 9 || total
---------------------------+-------+-------+-------++-------
  Melee: Unarmed           |   155 |   149 |   164 ||   468
         Headbutt          |     9 |    18 |       ||    27
         Punch             |     3 |     7 |     1 ||    11
   Cast: Beastly Appendage |     4 |    14 |     3 ||    21
         Wereblood         |     3 |    13 |     1 ||    17
         Spider Form       |       |       |    15 ||    15
         Teleport Other    |       |       |     1 ||     1
 Invoke: Renounce Religion |     1 |       |       ||     1
    Use: Scroll            |       |       |    13 ||    13
         Potion            |       |       |     8 ||     8
   Stab: Sleeping          |     1 |     3 |       ||     4
 Armour: Robe              |    35 |    17 |    13 ||    65
         Skin              |       |       |     7 ||     7
  Dodge: Dodged            |   118 |   102 |   107 ||   327
